 Dungeon Crawl Stone Soup version 0.30-a0-339-g89bb51ec76 (console) character file.

Game seed: 10776998271573943050

73677 jejorda2 the Blocker (level 15, -6/125 HPs)
             Began as a Merfolk Berserker on Oct 31, 2022.
             Was an Elder of Trog.
             Killed from afar by Frances (34 damage)
             ... with an iron shot
             ... on level 14 of the Dungeon.
             The game lasted 01:12:53 (21025 turns).

jejorda2 the Blocker (Merfolk Berserker)           Turns: 21025, Time: 01:12:53

Health: -6/125     AC: 15    Str: 17    XL:     15   Next: 44%
Magic:  15/15      EV: 17    Int:  7    God:    Trog [****..]
Gold:   769        SH: 19    Dex: 21    Spells: 14/14 levels left

rFire   . . .      SeeInvis .    a - +3 long sword (vorpal)
rCold   + . .      Faith    +    J - +5 kite shield "Echiroxu" {Regen+ rCorr}
rNeg    . . .      Spirit   .    C - +2 scale mail {rPois}
rPois   +          Reflect  .    w - +0 helmet
rElec   .          Harm     .    e - +0 cloak
rCorr   +          Rampage  .    p - +1 pair of gloves
Will    +++..                    K - +0 pair of boots
Stlth   +.........               q - amulet of faith
HPRegen 2.20/turn                x - ring "Kumab" {rC+ rCorr}
MPRegen 0.14/turn                U - ring of flight

@: strong-willed, spiked, on berserk cooldown, flying, regenerating, slowed,
studying Polearms, very slow
A: (nimble swimmer 2), mertail
a: Renounce Religion, Berserk, Trog's Hand, Brothers in Arms


You were on level 14 of the Dungeon.
You worshipped Trog.
Trog was greatly pleased with you.
You visited 2 branches of the dungeon, and saw 19 of its levels.
You also visited: Bailey.

You collected 1465 gold pieces.
You spent 696 gold pieces at shops.

Inventory:

Hand Weapons
 a - a +3 vorpal long sword (weapon)
 b - a +1 falchion of flaming
 M - a +1 long sword of protection
Missiles
 c - 31 poisoned darts (quivered)
 d - 8 boomerangs
 i - 2 boomerangs of dispersal
 j - 151 stones
 D - 2 curare-tipped darts
 F - 4 throwing nets
Armour
 e - a +0 cloak (worn)
 p - a +1 pair of gloves (worn)
 w - a +0 helmet (worn)
 C - a +2 scale mail of poison resistance (worn)
 J - the +5 kite shield "Echiroxu" (worn) {Regen+ rCorr}
   (You acquired it in a bailey)

   Regen:     It increases your rate of health regeneration.
   rCorr:     It protects you from acid and corrosion.
 K - a +0 pair of boots (worn)
 Z - +0 ice dragon scales
Jewellery
 q - an amulet of faith (around neck)
 x - the ring "Kumab" (left hand) {rC+ rCorr}
   (You found it in a bailey)

   [ring of resist corrosion]

   rC:        It protects you from cold.
   rCorr:     It protects you from acid and corrosion.
 U - a ring of flight (right hand)
 V - a ring of positive energy
Wands
 g - a wand of flame (28)
 u - a wand of quicksilver (4)
 v - a wand of iceblast (5)
 E - a wand of charming (17)
 L - a wand of digging (1)
 N - a wand of mindburst (13)
Scrolls
 f - 9 scrolls of teleportation
 t - 3 scrolls of immolation
 A - 2 scrolls of fear
 B - 2 scrolls of identify
 G - 2 scrolls of enchant weapon
 I - 2 scrolls of silence
 P - 4 scrolls of poison
 S - 2 scrolls of magic mapping {unknown}
 T - 4 scrolls of butterflies
 W - a scroll of summoning
 X - 2 scrolls of blinking
Potions
 k - a potion of ambrosia
 l - 9 potions of curing
 m - 2 potions of resistance
 n - 2 potions of flight
 o - 3 potions of berserk rage
 r - 5 potions of mutation
 s - a potion of heal wounds
 z - 2 potions of invisibility
 O - a potion of attraction
 Q - a potion of cancellation
 R - a potion of haste
Miscellaneous
 Y - a lightning rod (2/4)


   Skills:
 * Level 13.6 Fighting
 - Level 8.0(11.5) Short Blades
 - Level 13.1(14.0) Long Blades
 + Level 6.9 Throwing
 - Level 5.0 Armour
 + Level 13.2 Dodging
 - Level 3.0 Stealth
 - Level 14.6 Shields
 - Level 6.0 Evocations


You had 14 spell levels left.
You didn't know any spells.
Your spell library was empty.

Dungeon Overview and Level Annotations

Branches:
Dungeon (14/15)            Temple (0/1) D:4            Lair (5/5) D:10
  Swamp (0/4) Lair:2        Snake (0/4) Lair:3        Slime (0/5) Lair:4
    Orc (0/2) D:10         Bailey (visited)
 Vaults: D:13-14

Altars:
Ashenzari
Cheibriados
Dithmenos
Hepliaklqana
Kikubaaqudgha
Qazlal
Ru
Jiyva

Shops:
D:1 =(!([   D:3 [   D:8 (   D:12 *

Annotations:
D:14 Frances


Innate Abilities, Weirdness & Mutations

((You are very nimble when in or above water. (Stealth+, EV+, Speed+++)))
Your lower body shifts to a powerful aquatic tail in water.


Message History

Frances is lightly wounded.
The thunderbolt hits the deep elf pyromancer!!
The deep elf pyromancer is almost dead.
You hear a horrible gurgling sound!
You hear a shout!
The fire elemental completely misses you.
You block Frances's attack. You block the red devil's attack.
Frances screams a word of power!
The iron shot misses you. You block the fire elemental's attack.
Aiming: Thunderbolt
Press: ? - help, Shift-Dir - straight line, f/p - deep elf pyromancer
Aim: a deep elf pyromancer, wielding a +0 long sword of holy wrath (almost dead)
The thunderbolt hits Frances!!
Frances is moderately wounded.
The thunderbolt hits the deep elf pyromancer!!
You kill the deep elf pyromancer!
Trog accepts your kill.
Trog appreciates your killing of a magic user.
The fire elemental disappears in a puff of smoke! x2
You block Frances's attack.
A boggart comes into view.
You block the red devil's attack.
Frances mutters in a terrible tongue.
The iron shot hits you!!
* * * LOW HITPOINT WARNING * * *
The red devil hits you from afar with a +0 trident.
* * * LOW HITPOINT WARNING * * *
Barbed spikes become lodged in your body.
The ice devil barely misses you. Frances hits you with a +0 long sword!
* * * LOW HITPOINT WARNING * * *
You hear a shout!
You feel much better.
The boggart casts a spell.
Frances chants phrases taken from a devil's mouth.
The shard of ice hits you! You partially resist.
* * * LOW HITPOINT WARNING * * *
You block the red devil's attack.
A boggart comes into view.
Frances mutters in a terrible tongue.
The iron shot hits you!!
You die...

#.....#
#......##
#...#.#.# (#
#...#..#@ #.
##.).#..##. #.
#...#.#..#. #.
##.#..###p# #[
#..†.#####. .#
##..#.###@#.#[#
#...##.#3@##p#
++#....4.4c.#.#
# #.#######g#.#
#.#.# #g...
#.#.# #.##..
#...# +.# ###
###.# #/# #...#
#..


You could see Frances (fast), a centaur warrior, a sun demon (summoned), an ice
devil (summoned), a red devil (summoned) and 2 boggarts.

Vanquished Creatures
  Snorg (D:11)
  An ettin (D:13)
  A fire dragon (D:13)
  Josephine (D:10)
  Harold (D:11)
  6 hydras
  A catoblepas (Lair:5)
  A centaur warrior (D:13)
  A death knight (D:13)
  A boulder beetle (D:13)
  A deep troll shaman (Lair:5)
  20 death yaks
  4 two-headed ogres
  A tengu warrior (D:13)
  Nergalle (D:11)
  A deep elf archer (D:13)
  2 deep elf pyromancers
  Pikel (D:5)
  A lindwurm (Lair:5)
  A wizard (D:11)
  An orc knight (Bailey)
  4 ugly things
  9 cyclopes
  2 manticores
  12 elephants
  Joseph (D:10)
  3 torpor snails (Lair:4)
  4 black mambas
  2 gargoyles
  Maggie (D:7)
  11 cane toads
  Psyche (D:8)
  An unseen horror (D:12)
  A kobold demonologist (D:12)
  2 rime drakes
  2 tengu conjurers (D:14)
  5 trolls
  6 komodo dragons
  6 slime creatures (D:13)
  A polar bear (Lair:5)
  4 blink frogs
  2 vampires
  A shadow (D:7)
  7 wraiths
  9 wyverns
  31 yaks
  A basilisk (D:10)
  6 vampire mosquitoes
  2 steam dragons
  2 acid dragons (D:10)
  13 water moccasins
  10 orc warriors
  4 black bears
  3 ice beasts
  A sky beast (D:6)
  5 ogres
  37 wolves
  A boggart (D:14)
  2 lemures (D:5)
  7 centaurs
  3 kobold brigands
  Blork the orc (D:6)
  6 necrophages
  A gnoll sergeant (D:7)
  8 bullfrogs
  6 scorpions
  13 wights
  9 killer bees
  3 electric eels (Lair:2)
  5 howler monkeys
  2 hounds (D:5)
  3 orc priests
  5 jellies
  2 gnoll boudas
  4 iguanas
  11 orc wizards
  18 gnolls
  5 adders
  A shadow imp (D:6)
  4 white imps
  A worm (D:5)
  A dart slug (D:3)
  51 orcs
  6 ball pythons
  7 bats
  10 endoplasms
  5 giant cockroaches
  9 goblins
  5 hobgoblins
  10 jackals
  19 kobolds
  4 quokkas
  9 frilled lizards
  5 rats (D:1)
523 creatures vanquished.

Vanquished Creatures (collateral kills)
  2 death yaks (Lair:5)
  An orc knight (Bailey)
  2 cane toads (Lair:5)
  A freezing wraith (D:14)
  A polar bear (Lair:5)
  4 blink frogs (Lair:5)
  2 yaks (Lair:5)
  A wraith (D:10)
  A wolf (Lair:5)
15 creatures vanquished.

Vanquished Creatures (others)
  A wizard (D:14)
  A centaur (D:8)
  A kobold (D:7)
  2 bushes
  34 fungi
  112 plants
151 creatures vanquished.

Grand Total: 689 creatures vanquished

Notes
Turn   | Place    | Note
-------+----------+-------------------------------------------
     0 | D:1      | jejorda2 the Merfolk Berserker began the quest for the Orb.
     0 | D:1      | Reached XP level 1. HP: 18/18 MP: 1/1
    94 | D:1      | Found Zaig Tijosm's Antique Weapon Emporium.
   215 | D:1      | Reached XP level 2. HP: 15/24 MP: 2/2
   320 | D:1      | Found Vichomac's Antique Armour Shoppe.
   397 | D:1      | Found Kytuercha's Distillery.
   433 | D:1      | Reached XP level 3. HP: 15/29 MP: 3/3
   521 | D:1      | Found Poucsore's Weapon Boutique.
   529 | D:1      | Bought a +0 long sword for 38 gold pieces
   582 | D:1      | Found Venwuefi's Jewellery Shop.
   717 | D:1      | You fall into a shaft and drop 1 floor!
   800 | D:1      | Reached ** piety under Trog
  1189 | D:2      | Reached XP level 4. HP: 36/37 MP: 4/4
  1485 | D:2      | Found a faded altar of an unknown god.
  1697 | D:1      | Bought a potion of curing for 39 gold pieces
  1709 | D:3      | Found a broken altar of Ashenzari.
  2157 | D:3      | Reached XP level 5. HP: 42/42 MP: 5/5
  2305 | D:3      | Found Nuffek's Armour Emporium.
  2379 | D:3      | Reached skill level 1 in Short Blades
  2385 | D:3      | Reached skill level 5 in Long Blades
  2760 | D:4      | Found a staircase to the Ecumenical Temple.
  2839 | D:4      | Found a stormy altar of Qazlal.
  3000 | D:4      | Reached skill level 5 in Dodging
  3005 | D:4      | Reached XP level 6. HP: 48/48 MP: 6/6
  3089 | D:4      | Noticed a black bear
  3097 | D:4      | Killed a black bear
  3303 | D:3      | Bought a +2 scale mail of poison resistance for 180 gold
                  | pieces
  3579 | D:5      | Entered Level 5 of the Dungeon
  3799 | D:5      | Reached XP level 7. HP: 55/55 MP: 7/7
  4129 | D:5      | Reached skill level 5 in Fighting
  4263 | D:5      | Noticed Pikel
  4291 | D:5      | Killed Pikel
  4292 | D:5      | Reached skill level 5 in Short Blades
  4292 | D:5      | Reached XP level 8. HP: 36/63 MP: 8/8
  4531 | D:5      | Reached *** piety under Trog
  4946 | D:5      | Noticed a yak
  4946 | D:5      | Noticed a yak
  4946 | D:5      | Noticed a yak
  4946 | D:5      | Noticed a yak
  4946 | D:5      | Noticed a yak
  4956 | D:5      | Killed a yak
  4957 | D:5      | Reached XP level 9. HP: 68/68 MP: 9/9
  5703 | D:6      | Found a hazy altar of Hepliaklqana.
  5703 | D:6      | Found an ancient bone altar of Kikubaaqudgha.
  5825 | D:6      | Noticed Blork the orc
  5839 | D:6      | Killed Blork the orc
  5886 | D:6      | Reached skill level 10 in Long Blades
  5942 | D:6      | Reached skill level 5 in Armour
  6025 | D:6      | Reached XP level 10. HP: 72/76 MP: 10/10
  7109 | D:7      | Reached **** piety under Trog
  7351 | D:7      | Noticed Maggie
  7360 | D:7      | Killed Maggie
  7909 | D:8      | Noticed Psyche
  7920 | D:8      | Reached skill level 1 in Shields
  7925 | D:8      | Killed Psyche
  8021 | D:8      | Found Nimubu's Hydra Hut.
  8026 | D:8      | Noticed a six-headed hydra
  8816 | D:9      | Found a shadowy altar of Dithmenos.
  8941 | D:9      | Reached skill level 2 in Shields
  8963 | D:9      | Found a flagged portal.
  8997 | Bailey   | Entered a bailey
  9276 | Bailey   | Reached XP level 11. HP: 85/85 MP: 11/11
  9681 | Bailey   | Noticed an orc knight
  9681 | Bailey   | Noticed an orc knight
  9689 | Bailey   | Killed an orc knight
  9690 | Bailey   | Reached skill level 3 in Shields
  9694 | Bailey   | Killed an orc knight
  9699 | Bailey   | Identified the ring "Kumab" {rC+ rCorr}
  9705 | Bailey   | Acquired the +5 kite shield "Echiroxu" {Regen+ rCorr}
  9974 | D:9      | Found a sacrificial altar of Ru.
 10319 | D:10     | Entered Level 10 of the Dungeon
 10393 | D:10     | Reached skill level 4 in Shields
 10563 | D:10     | Reached skill level 5 in Shields
 10608 | D:10     | Noticed Josephine
 10626 | D:10     | Killed Josephine
 10641 | D:10     | Reached skill level 6 in Shields
 10669 | D:10     | Noticed Joseph
 10694 | D:10     | Killed Joseph
 10727 | D:10     | Found a staircase to the Lair.
 10813 | D:10     | Noticed a two-headed ogre
 10824 | D:10     | Killed a two-headed ogre
 10825 | D:10     | Reached skill level 7 in Shields
 10872 | D:10     | Noticed a six-headed hydra
 10890 | D:10     | Reached XP level 12. HP: 95/95 MP: 12/12
 10945 | D:10     | Reached skill level 10 in Dodging
 11236 | D:10     | Killed a six-headed hydra
 11237 | D:10     | Reached skill level 8 in Shields
 11470 | D:10     | Found a staircase to the Orcish Mines.
 11779 | D:8      | Bought a +1 falchion of flaming for 173 gold pieces
 11873 | Lair:1   | Entered Level 1 of the Lair of Beasts
 12792 | Lair:2   | Found a staircase to the Swamp.
 12836 | Lair:2   | Reached skill level 9 in Shields
 13091 | Lair:2   | Noticed an eight-headed hydra
 13103 | Lair:2   | Killed a three-headed hydra
 13335 | Lair:3   | Reached skill level 10 in Shields
 13386 | Lair:2   | Noticed a four-headed hydra
 13399 | Lair:2   | Killed a one-headed hydra
 13884 | Lair:3   | Reached skill level 11 in Shields
 13907 | Lair:3   | Reached ***** piety under Trog
 14093 | Lair:3   | Reached XP level 13. HP: 92/101 MP: 13/13
 14259 | Lair:3   | Found a staircase to the Snake Pit.
 14574 | Lair:3   | Reached skill level 12 in Shields
 14700 | Lair:4   | Found a staircase to the Slime Pits.
 14701 | Lair:4   | Found a viscous altar of Jiyva.
 14915 | Lair:4   | Found a snail-covered altar of Cheibriados.
 15517 | Lair:5   | Entered Level 5 of the Lair of Beasts
 15578 | Lair:5   | Reached skill level 1 in Evocations
 15602 | Lair:4   | Reached skill level 13 in Shields
 15813 | Lair:5   | Reached skill level 14 in Shields
 16304 | Lair:5   | Reached skill level 5 in Evocations
 16304 | Lair:5   | Reached XP level 14. HP: 108/108 MP: 14/14
 16415 | Lair:5   | Reached skill level 1 in Stealth
 16422 | Lair:5   | Reached skill level 1 in Throwing
 16649 | Lair:5   | Reached skill level 10 in Fighting
 17599 | D:11     | Noticed Nergalle
 17610 | D:11     | Killed Nergalle
 17839 | D:11     | Reached skill level 5 in Throwing
 17878 | D:11     | Noticed Snorg
 17890 | D:11     | Killed Snorg
 18273 | D:11     | Noticed Harold
 18294 | D:11     | Killed Harold
 18699 | D:12     | Reached XP level 15. HP: 107/122 MP: 15/15
 19062 | D:12     | Found Zogipuyny's Island Escapes.
 19076 | D:12     | Bought a scroll of butterflies for 56 gold pieces
 19076 | D:12     | Bought a scroll of blinking for 105 gold pieces
 19076 | D:12     | Bought a scroll of blinking for 105 gold pieces
 19629 | D:13     | Found a runed translucent door.
 20755 | D:13     | Identified the +4 shortbow of the Unkillable {antimagic,
                  | Int+7}
 20995 | D:14     | Noticed Frances
 21025 | D:14     | Killed from afar by Frances

Illustrated notes

Levels and vault maps discovered:
D:1:      dpeg_cavernosity, layout_rooms, serial_shops, nicolae_shop_waterfront,
          nicolae_shop_bloodbath_and_beyond, shop, nicolae_shop_waterfront,
          shop_statue, minmay_lizard_pond
D:2:      layout_loops_cross, dreamdust_ecumenical_altar_statues,
          minmay_misc_feat_enclosed, grunt_ministairs_14
D:3:      cheibrodos_pilgrimage, layout_loops_ring,
          nicolae_ashenzari_panopticon, serial_shops, shop
D:4:      layout_loops_ring, amcnicky_altar_gilded, minmay_temple_entry_ruins,
          skrybe_limestone_x, due_unseen_surprise
D:5:      minmay_bubble_buster, layout_gridville, uniq_pikel
D:6:      layout_rooms, gammafunk_temple_overflow_pools, grunt_ministairs_11,
          uniq_blork_the_orc
D:7:      layout_loops_cross, hangedman_decor_growths,
          minmay_misc_feat_ornament, uniq_maggie
D:8:      layout_rooms, doesnt_shop_hydraphobe, uniq_psyche
D:9:      layout_basic, mainiacjoe_overflow_tiny_flanked,
          overflow_temple_1_default, enter_bailey_7
D:10:     layout_basic, minmay_lair_entry_grove, orc_0_dummy, grunt_potential,
          uniq_josephine, uniq_joseph
D:11:     layout_basic, uniq_nergalle, uniq_harold, uniq_snorg
D:12:     layout_loops_ring, grunt_ministairs_11, nicolae_island_escapes
D:13:     layout_layer_cave, minivault_5, grunt_ministairs_5, fungi_pond_lemuel,
          minmay_st_funbox, grunt_decor_arrowhead
D:14:     layout_roguey, david_vaults_4, kennysheep_path_1,
          minmay_shattered_shrine, uniq_frances
Lair:1:   layout_cellular_growth, enter_volcano_2
Lair:2:   layout_chaotic_city, swamp_mist, serial_forest,
          infiniplex_forest_join, infiniplex_forest_diagonal,
          infiniplex_forest_lined_ring, infiniplex_forest_end_2,
          infiniplex_forest_3_way, serial_bayou_shore_a
Lair:3:   layout_gridlike, dummy_snake_entry, serial_rivers,
          chequers_serial_rivers_large_a, chequers_serial_rivers_micro_b,
          chequers_serial_rivers_micro_c, chequers_serial_rivers_small_a,
          grunt_forest_large_clearings, grunt_megastairs_4
Lair:4:   layout_cellular_growth, nicolae_slime_entry_slimehenge,
          kennysheep_snail_temple, infiniplex_staircase_pool
Lair:5:   grunt_lair_end_beastmaster, layout_loops_ring, serial_bayou_pond_b,
          grunt_megastairs_3

Skill      XL: |  1  2  3  4  5  6  7  8  9 10 11 12 13 14 15 |
---------------+----------------------------------------------+-----
Dodging        | 3 4 5 6 7 9 12 13 | 13.2
Long Blades    | 4 5 7 8 10 12 13 | 13.1
Fighting       | 4 5 6 7 9 12 13 | 13.6
Armour         | 2 3 5 |  5.0
Short Blades   | 1 3 5 6 8 |  8.0
Shields        | 2 7 11 14 | 14.6
Evocations     | 5 6 |  6.0
Stealth        | 3 |  3.0
Throwing       | 5 6 |  6.9

Action                   |  1- 3 |  4- 6 |  7- 9 | 10-12 | 13-15 || total
-------------------------+-------+-------+-------+-------+-------++-------
Melee: Falchion          |   116 |       |       |    14 |    38 ||   168
       Punch             |     2 |     3 |     6 |     8 |       ||    19
       Long sword        |     7 |    68 |     6 |   222 |  1172 ||  1475
       Dagger            |       |   135 |   383 |   881 |       ||  1399
       Tailslap          |       |       |       |     2 |       ||     2
Throw: Dart              |       |     3 |     9 |     6 |    34 ||    52
       Javelin           |       |       |       |       |     6 ||     6
       Boomerang         |       |       |       |       |     3 ||     3
Invok: Berserk           |     3 |     4 |     9 |    17 |    17 ||    50
       Trog's Hand       |       |       |     4 |     7 |    10 ||    21
       Brothers in Arms  |       |       |       |     2 |     5 ||     7
Evoke: Wand              |       |       |       |    12 |    10 ||    22
       Lightning rod     |       |       |       |       |     2 ||     2
  Use: Scroll            |       |       |    10 |    18 |     2 ||    30
       Potion            |       |       |       |     2 |     2 ||     4
 Stab: Sleeping          |     4 |       |       |       |       ||     4
       Invisible         |       |       |       |     1 |       ||     1
       Petrified         |       |       |       |       |     4 ||     4
Armor: Animal skin       |    10 |       |       |       |       ||    10
       Robe              |    33 |    36 |       |       |       ||    69
       Scale mail        |       |    23 |   128 |   278 |   184 ||   613
Dodge: Dodged            |   115 |   119 |   131 |   413 |   378 ||  1156
Block: Kite shield       |       |       |       |   465 |   873 ||  1338

Table legend: (Time is in decaauts)
 A = Elapsed time spent in this place.
 B = Non-inter-level travel time spent in this place.
 C = Inter-level travel time spent in this place.
 D = Time resting spent in this place.
 E = Time spent auto-exploring this place.
 F = Levels seen in this place.
 G = Mean time per level.
                   A        B        C        D        E       F      G
               +--------+--------+--------+--------+--------+-----+--------+
         Total |  20521 |  19081 |   1440 |   2252 |  11634 |  20 | 1026.1 |
       Dungeon |  14271 |  13185 |   1086 |   1489 |   8291 |  14 | 1019.4 |
          Lair |   5550 |   5196 |    354 |    406 |   3198 |   5 | 1110.0 |
        Bailey |    699 |    699 |      0 |    357 |    144 |   1 |  699.0 |
               +--------+--------+--------+--------+--------+-----+--------+

Top non-repeatable levels by time:
     D:5: 1955 daAuts
  Lair:5: 1816 daAuts
    D:13: 1665 daAuts
    D:10: 1334 daAuts
     D:7: 1294 daAuts
     D:3: 1114 daAuts
     D:1: 987 daAuts
  Lair:3: 960 daAuts
  Lair:1: 933 daAuts
  Lair:2: 932 daAuts
    D:11: 922 daAuts
  Lair:4: 907 daAuts
     D:6: 883 daAuts
     D:4: 871 daAuts
     D:8: 865 daAuts
